 Dungeon Crawl Stone Soup version 0.22-a0-271-gc000056 (webtiles) character file.

15 mhoghedin the Covered (level 2, 0/20 HPs)
             Began as a Halfling Fighter on Mar 10, 2018.
             Succumbed to an adder's poison
             ... on level 1 of the Dungeon.
             The game lasted 00:01:03 (654 turns).

mhoghedin the Covered (Halfling Fighter)             Turns: 654, Time: 00:01:04

Health: 0/20       AC:  6    Str: 17    XL:     2   Next: 65%
Magic:  2/2        EV:  9    Int:  6    God:
Gold:   34         SH: 10    Dex: 13    Spells: 1/1 levels left

rFire    . . .     SeeInvis .   a - +0 long sword
rCold    . . .     Gourm    .   c - +1 shield
rNeg     . . .     Faith    .   b - +0 scale mail
rPois    .         Spirit   .   (no helmet)
rElec    .         Reflect  .   (no cloak)
rCorr    .         Harm     .   (no gloves)
MR       .....                  (no boots)
Stlth    ..........             (no amulet)
HPRegen  0.06/turn              (no ring)
MPRegen  0.08/turn              (no ring)

@: lethally poisoned (0 -> -3), about to teleport
A: small, mutation resistance 1
a: no special abilities


You were on level 1 of the Dungeon.
You were not hungry.

You visited 1 branch of the dungeon, and saw 2 of its levels.

You collected 34 gold pieces.

Inventory:

Hand Weapons
 a - a +0 long sword (weapon)
Armour
 b - a +0 scale mail (worn)
 c - a +1 shield (worn)
Scrolls
 e - 2 scrolls of identify
 g - 2 scrolls of remove curse
Potions
 d - a potion of might
Comestibles
 f - a ration


   Skills:
 + Level 2.8 Fighting
 + Level 2.2 Long Blades
 + Level 3.5 Armour
 + Level 0.7 Dodging
 + Level 3.4 Shields


You had one spell level left.
You didn't know any spells.

Dungeon Overview and Level Annotations

Branches:
Dungeon (2/15)

Altars:


Innate Abilities, Weirdness & Mutations

You are small and have problems with some larger weapons.
You are somewhat resistant to further mutation.


Message History

The kobold misses you. The kobold hits you but does no damage.
The kobold hits you.
You take 4 damage, and have 9/20 hp.
You are too injured to fight recklessly!
You are too injured to fight recklessly!
You are too injured to fight recklessly!
You are too injured to fight recklessly!
You are too injured to fight recklessly!
You are too injured to fight recklessly!
You are too injured to fight recklessly!
You are too injured to fight recklessly!
You are too injured to fight recklessly!
You are too injured to fight recklessly!
You are too injured to fight recklessly!
You are too injured to fight recklessly!
You are too injured to fight recklessly!
You are too injured to fight recklessly!
You are too injured to fight recklessly!
You are too injured to fight recklessly!
You are too injured to fight recklessly!
You hit the kobold.
You kill the kobold!
You block the kobold's attack. The kobold hits you with a club.
* * * LOW HITPOINT WARNING * * *
You take 3 damage, and have 6/20 hp.
You hit the kobold.
You kill the kobold!
Things that are here:
a club; a kobold corpse You start resting.
Things that are here:
a club; a goblin skeleton You now have 34 gold pieces (gained 2).
There is a staircase leading out of the dungeon here.
You see here a club.
There is a stone staircase leading down here.
There is an open door here.
There is an open door here.
You open the door.
There is an open door here.
Done exploring.
Done exploring.
Done exploring.
Health restored: 20 Done exploring.
Done exploring.
No target in view!
(D) Dungeon
Where to? (? - help)
There is an open door here.
There is a stone staircase leading down here.
You climb downwards.
A kobold comes into view. It is wielding a short sword.
The kobold shouts!
There is a stone staircase leading up here.
A kobold is nearby!
A kobold is nearby!
An adder comes into view.
The adder hisses angrily.
You hit the kobold. The kobold hits you with a short sword.
You take 3 damage, and have 17/20 hp.
You closely miss the kobold. The kobold closely misses you.
You riposte.
You closely miss the kobold. You completely miss the kobold.
The kobold hits you with a short sword. x2
You are too injured to fight recklessly!
You take 7 damage, and have 11/20 hp.
MASSIVE DAMAGE!!
There is a stone staircase leading up here.
You hit the adder. The adder bites you.
You are poisoned.
The adder poisons you! You block the adder's attack.
You take 4 damage, and have 7/20 hp.
You feel sick. You block the adder's attack.
You climb upwards.
There is a stone staircase leading down here.
Okay, then.
You take 1 damage, and have 6/20 hp.
Unknown command.
Unknown command.
Unknown command.
You feel sick. The adder closely misses you.
You riposte.
You closely miss the adder.
You take 1 damage, and have 5/20 hp.
As you read the scroll labeled WIREANT MOST, it crumbles to dust.
It is a scroll of identify.
g - 2 scrolls of remove curse The adder bites you but does no damage.
As you read the scroll labeled PEUL MIEMUAN, it crumbles to dust.
It is a scroll of enchant armour.
Your +0 shield glows green for a moment.
The adder bites you.
* * * LOW HITPOINT WARNING * * *
The adder bites you.
* * * LOW HITPOINT WARNING * * *
You take 4 damage, and have 1/20 hp.
As you read the scroll labeled PIPLUADDOI, it crumbles to dust.
You feel strangely unstable.
It was a scroll of teleportation.
You die...

#...........+.........#..(.....
#.........).#####.#####.#+#####
#...........+.....# #.#.#
#...........###########.#.# ###
#...........# #.........#'###..
###....†......###.######).....#.#
#......)#######..>.....'......'..
#.......####....S....###......#.#
#...............@#...# #......#.#
#................###.# #......#.#
#............##### #.# #......#.#
#............# #.# ########.#
#######......#######'##### #..
#######......#...........# #..
#............#.##........# #..
#.......##.###.##........# #..
#.......#### #.########### #..


You could see an adder.

Vanquished Creatures
  A giant cockroach (D:1)
  3 goblins (D:1)
  2 hobgoblins (D:1)
  3 kobolds (D:1)
  5 rats (D:1)
14 creatures vanquished.

Notes
Turn   | Place    | Note
-------+----------+-------------------------------------------
     0 | D:1      | mhoghedin the Halfling Fighter began the quest for the Orb.
     0 | D:1      | Reached XP level 1. HP: 15/15 MP: 1/1
    72 | D:1      | Reached XP level 2. HP: 20/20 MP: 2/2
   650 | D:1      | HP: 5/20 [poisoned by an adder]
   653 | D:1      | HP: 2/20 [adder (3)]
   654 | D:1      | Succumbed to an adder's poison

Vault maps used:
D:1:      scummos_arrival_hexagon
D:2:      lemuel_round_altar, chequers_temple_overflow_statue_of_worship

Action                   || total
-------------------------++-------
Melee: Long sword        ||    43
  Use: Scroll            ||     3
Armor: Scale mail        ||    13
Dodge: Dodged            ||    14
Block: Shield            ||    25
       Rpst.: Long sword ||     6

Table legend:
 A = Spawn XP
 B = Non-spawn XP
 C = Spawn XP percentage of total XP
 D = Spawn monster count
 E = Non-spawn monster count
 F = Spawn count percentage of total count
 G = Total turns spent on level
                    A         B        C        D         E        F      G
               +---------+---------+-------+---------+---------+-------+---------
         Total |       0 |      22 |   0.0 |       0 |      14 |   0.0 |   654
               +---------+---------+-------+---------+---------+-------+---------
           D:1 |       0 |      22 |   0.0 |       0 |      14 |   0.0 |   644
               +---------+---------+-------+---------+---------+-------+---------

Vault maps used:
D:1:      scummos_arrival_hexagon
D:2:      lemuel_round_altar, chequers_temple_overflow_statue_of_worship

Table legend:
 A = Turns spent in this place as a percentage of turns spent in the entire game.
 B = Non-inter-level travel turns spent in this place as a percentage of non-inter-level travel turns spent in the entire game.
 C = Inter-level travel turns spent in this place as a percentage of turns spent in this place.
 D = Turns resting spent in this place as a percentage of non-inter-level travel turns spent in this place.
 E = Turns spent auto-exploring this place as a percentage of non-inter-level travel turns spent in this place.
 F = Non-inter-level travel turns spent in this place divided by the number of levels of this place that you've seen.
                   A       B       C       D       E      F
               +-------+-------+-------+-------+-------+----------------------
         Total | 100.0 | 100.0 |   1.7 |  33.6 |  51.9 | 321.5
       Dungeon | 100.0 | 100.0 |   1.7 |  33.6 |  51.9 | 321.5
               +-------+-------+-------+-------+-------+----------------------

Table legend:
 A = Kills in this place as a percentage of kills in entire the game.
 B = Kills by you in this place as a percentage of kills by you in the entire game.
 C = Kills by friends in this place as a percentage of kills by friends in the entire game.
 D = Other kills in this place as a percentage of other kills in the entire game.
 E = Experience gained in this place as a percentage of experience gained in the entire game.
 F = Experience gained in this place divided by the number of levels of this place that you have seen.
                   A       B       C       D       E      F
               +-------+-------+-------+-------+-------+----------------------
         Total | 100.0 | 100.0 |   N/A |   N/A | 100.0 |  11.0
       Dungeon | 100.0 | 100.0 |   N/A |   N/A | 100.0 |  11.0
               +-------+-------+-------+-------+-------+----------------------
